 Dungeon Crawl Stone Soup version 0.26-a0-712-ga5a9c9c9d0 (webtiles) character file.

Game seed: 1342857899405731099

23442 kae the Impaler (level 13, -5/108 HPs)
             Began as a Merfolk Gladiator on Nov 13, 2020.
             Was a Priest of Ashenzari.
             Engulfed by a fire crab's flame (13 damage)
             ... in a Gauntlet.
             The game lasted 00:16:49 (15442 turns).

kae the Impaler (Merfolk Gladiator)                Turns: 15442, Time: 00:16:49

Health: -5/108     AC: 10    Str: 29    XL:     13   Next: 6%
Magic:  28/28      EV: 21    Int:  2    God:    Ashenzari [***...]
Gold:   665        SH:  0    Dex: 16    Spells: 20/20 levels left

rFire    . . .     SeeInvis +   I - +8 halberd (curse)
rCold    . . .     Faith    .   (shield currently unavailable)
rNeg     . . .     Spirit   .   b - +0 leather armour
rPois    +         Reflect  .   c - +2 helmet (curse)
rElec    .         Harm     .   (no cloak)
rCorr    .         Rampage  .   (no gloves)
MR       .....     NoTele   +   (no boots)
Stlth    +.........             r - amulet of the acrobat
HPRegen  0.28/turn              H - ring of the Wizarding Seeker {rPois MP+9 Str+10 Int-5 SInv} (curse)
MPRegen  0.21/turn              D - +4 ring of protection (curse)

@: no status effects
A: change form in water, swift swim, stealthy swim
a: Curse Item, Scrying, Renounce Religion


You were in a Gauntlet.
You worshipped Ashenzari.
Ashenzari was most pleased with you.
You visited 2 branches of the dungeon, and saw 14 of its levels.
You also visited: Sewer and Gauntlet.

You collected 665 gold pieces.

Inventory:

Hand Weapons
 I - a cursed +8 halberd (weapon)
Missiles
 d - 5 throwing nets (quivered)
Armour
 b - a +0 leather armour (worn)
 c - a cursed +2 helmet (worn)
Jewellery
 r - an amulet of the acrobat (around neck)
 s - an uncursed ring of magical power
 t - an uncursed ring of protection from cold
 v - an uncursed ring of stealth
 B - an uncursed ring of ice
 D - a cursed +4 ring of protection (right hand)
 H - the cursed ring of the Wizarding Seeker (left hand) {rPois MP+9 Str+10 Int-5 SInv}
   (You found it on level 11 of the Dungeon)

   [ring of magical power]

   It affects your strength (+10).
   It affects your intelligence (-5).
   It protects you from poison.
   It affects your magic capacity (+9).
   It lets you see invisible.
   It has a curse placed upon it.
Wands
 n - a wand of disintegration (6)
 p - a wand of enslavement (7)
 u - a wand of iceblast (11)
 w - a wand of acid (8)
 z - a wand of polymorph (12)
 E - a wand of flame (7)
Scrolls
 a - 3 scrolls of enchant weapon
 h - 6 scrolls of teleportation
 i - 6 scrolls of remove curse
 q - a scroll of fear
 y - 2 scrolls of amnesia
 C - a scroll of identify
 F - 2 scrolls of blinking
Potions
 e - 3 potions of brilliance
 f - 8 potions of curing
 g - 3 potions of flight
 j - 3 potions of cancellation
 k - 2 potions of ambrosia
 l - a potion of might
 m - 3 potions of invisibility
 o - 2 potions of berserk rage
 x - a potion of stabbing
 A - 2 potions of haste
 G - a potion of degeneration
 J - a potion of magic


   Skills:
 - Level 12.0 Fighting
 + Level 17.6(20.7) Polearms
 - Level 2.0 Throwing
 - Level 5.0 Armour
 - Level 12.0 Dodging
 - Level 4.0 Spellcasting
 - Level 6.0(7.9) Evocations


You had 20 spell levels left.
You didn't know any spells.
Your spell library contained the following spells:

 Spells                   Type           Power        Failure   Level
 Corona                   Hex            #......      41%         1
 Slow                     Hex            #.......     56%         2
 Inner Flame              Hex/Fire       #.......     80%         3
 Portal Projectile        Hex/Tloc       #.....       80%         3
 Cause Fear               Hex            #.........   99%         4
 Leda's Liquefaction      Hex/Erth       #.........   99%         4


Dungeon Overview and Level Annotations

Branches:
Dungeon (13/15)            Temple (1/1) D:7            Lair (0/6) D:10
    Orc (0/2) D:11          Sewer (visited)         Gauntlet (1/1)
 Vaults: D:13-14

Altars:
Ashenzari
Cheibriados
Dithmenos
Elyvilon
Fedhas
Gozag
Hepliaklqana
Makhleb
Nemelex Xobeh
Okawaru
Qazlal
Ru
Sif Muna
Trog
Uskayaw
Vehumet
Wu Jian
Xom
Yredelemnul
Zin
The Shining One

Shops:
D:12 [

Annotations:
D:4 2 exclusions
D:9 3 runed translucent doors, Yendr0's ghost, novice DDFi
D:11 5 runed translucent doors, emiel's ghost, novice HOFi Gauntlet 11 transporters, 23 runed translucent doors, exclusion: 2 lightning spires


Message History

The hell hound breathes flames at you.
The blast of flame hits the fire bat.
The fire bat completely resists.
The blast of flame misses you. The fire bat misses you.
The fire bat closely misses you.
You hit the fire crab but do no damage. The fire bat barely misses you. x2
You puncture the fire crab!
The fire crab is lightly wounded.
The fire bat closely misses you. The hell hound breathes flames at you.
The blast of flame hits the fire bat.
The fire bat completely resists.
The blast of flame hits you!!
* * * LOW HITPOINT WARNING * * *
The fire crab breathes flames at you. The blast of flame engulfs you.
* * * LOW HITPOINT WARNING * * *
The fire bat completely misses you.
You puncture the fire crab!
The fire crab is moderately wounded.
You are engulfed in blazing flames.
You die...

############≈#≈#§#≈#≈#≈##########
#≈#≈#≈#§#≈#.............#≈#≈#≈#≈#
.....§........∩..8..∩............
....8.....8......©......8.....8..
....©.......###########.......©..
#########...#.........#...#######
#......^#...#.b.......#...#8.....
#.#####.#...#.#######.#...#h##..#
#.+...+.#...##.#@#{#.##...#h##©..
#.#.©.#s#.8.#.○○tbh...#.8.#...###
#.#≈≈≈#.#...#.#b#h#.#.#...#.8.###
#.#####s#...#.#######.#...#...###
#^?}©.ys#...#.........#...#.=?©!h
#########...#.."?©|..t#...#######
..#.©.#.....###########.....#.©.#
..#.8.#...8....#.©.#....8...#.8.#
..#.©.#........#...#........#.©.#


You could see a fire crab, 2 hell hounds and 3 fire bats.

Vanquished Creatures
  2 centaur warriors (D:12)
  6 two-headed ogres
  2 slime creatures (D:12)
  A skeletal warrior (D:12)
  Pikel (D:6)
  4 ugly things
  2 deep elf magi (D:12)
  A manticore (D:12)
  2 cyclopes
  A komodo dragon (D:11)
  4 trolls
  2 hornets (D:11)
  18 yaks
  4 wyverns
  2 humans (D:9)
  3 wraiths
  3 fire bats (Gauntlet)
  A basilisk (D:11)
  Menkaure (D:5)
  Edmund (D:4)
  2 vampire mosquitoes (D:10)
  An acid dragon (D:12)
  5 water moccasins
  2 orc warriors
  An ice beast (D:11)
  3 phantoms
  A black bear (D:12)
  10 ogres
  3 centaurs
  2 lemures (D:6)
  7 big kobolds
  10 bullfrogs
  A gnoll sergeant (D:6)
  2 scorpions
  14 killer bees
  9 wights
  5 centaur zombies
  4 bullfrog zombies
  2 quasits (D:12)
  8 hounds
  2 jellies
  3 centaur skeletons
  5 orc priests
  2 gnoll shamans (D:10)
  A bullfrog skeleton (D:11)
  2 iguanas
  Ijyb (D:4)
  5 worker ants
  7 orc wizards
  A killer bee zombie (D:7)
  2 hound skeletons
  2 hound zombies
  16 gnolls
  4 worker ant zombies
  3 river rats (Sewer)
  19 adders
  3 shadow imps
  2 white imps
  An ufetubus (D:8)
  3 oozes
  5 worms
  4 dart slugs
  6 leopard geckos
  28 orcs
  A ball python (D:3)
  2 bats (D:2)
  2 bat skeletons (D:4)
  A bat zombie (D:4)
  3 goblins
  4 hobgoblins (D:1)
  2 jackals (Sewer)
  6 quokkas
  6 frilled lizards
  A giant cockroach zombie (D:6)
  A jackal skeleton (D:8)
  25 kobolds
  A leopard gecko zombie (D:8)
  10 rats
345 creatures vanquished.

Vanquished Creatures (others)
  An ooze (D:4)
  A bush (D:10)
  4 fungi
  27 plants
33 creatures vanquished.

Grand Total: 378 creatures vanquished

Notes
Turn   | Place    | Note
-------+----------+-------------------------------------------
     0 | D:1      | kae the Merfolk Gladiator began the quest for the Orb.
     0 | D:1      | Reached XP level 1. HP: 16/16 MP: 1/1
   107 | D:1      | Reached skill level 5 in Polearms
   118 | D:1      | Reached XP level 2. HP: 21/22 MP: 2/2
   613 | D:2      | Reached skill level 6 in Polearms
   613 | D:2      | Reached XP level 3. HP: 25/27 MP: 3/3
   938 | D:2      | Found a broken altar of Ashenzari.
  1183 | D:2      | Reached XP level 4. HP: 23/33 MP: 4/4
  1430 | D:2      | Became a worshipper of Ashenzari the Shackled
  1455 | D:3      | Reached skill level 7 in Polearms
  1969 | D:3      | Found a sparkling altar of Nemelex Xobeh.
  2094 | D:4      | Noticed an ogre
  2097 | D:4      | Noticed a phantom
  2117 | D:3      | Killed an ogre
  2117 | D:3      | Reached skill level 9 in Polearms
  2117 | D:3      | Reached XP level 5. HP: 27/38 MP: 5/5
  2219 | D:4      | Killed a phantom
  2219 | D:4      | Reached XP level 6. HP: 44/44 MP: 6/6
  2245 | D:4      | Reached skill level 10 in Polearms
  2519 | D:4      | Noticed Edmund
  2522 | D:4      | Noticed Ijyb
  2567 | D:4      | Killed Edmund
  2567 | D:4      | Reached skill level 11 in Polearms
  2567 | D:4      | Reached XP level 7. HP: 17/50 MP: 7/7
  2652 | D:4      | Found a glowing drain.
  2665 | Sewer    | Entered a sewer
  3019 | Sewer    | Found a white marble altar of Elyvilon.
  3311 | D:4      | Reached skill level 12 in Polearms
  3602 | D:4      | Killed Ijyb
  3938 | D:5      | Entered Level 5 of the Dungeon
  4063 | D:5      | Reached XP level 8. HP: 53/56 MP: 8/8
  4094 | D:5      | Noticed Menkaure
  4101 | D:5      | Killed Menkaure
  4101 | D:5      | Reached skill level 13 in Polearms
  4131 | D:5      | Found a shadowy altar of Dithmenos.
  4576 | D:6      | Reached skill level 14 in Polearms
  4719 | D:6      | Reached * piety under Ashenzari
  4888 | D:6      | Found a stormy altar of Qazlal.
  5211 | D:7      | Noticed Pikel
  5354 | D:6      | Killed Pikel
  5354 | D:6      | Reached skill level 15 in Polearms
  5354 | D:6      | Reached XP level 9. HP: 15/61 MP: 9/9
  5588 | D:7      | Reached skill level 16 in Polearms
  6277 | D:7      | Found a staircase to the Ecumenical Temple.
  6374 | Temple   | Entered the Ecumenical Temple
  6638 | D:8      | Found a snail-covered altar of Cheibriados.
  6837 | D:8      | Reached ** piety under Ashenzari
  7043 | D:8      | Found a hazy altar of Hepliaklqana.
  7045 | D:8      | Found an iron altar of Okawaru.
  7363 | D:9      | Reached skill level 17 in Polearms
  7503 | D:9      | Noticed a two-headed ogre
  7985 | D:9      | Reached skill level 5 in Dodging
  8130 | D:9      | HP: 2/64 [two-headed ogre/+0 giant spiked club (11)]
  8132 | D:9      | Killed a two-headed ogre
  8132 | D:9      | Reached skill level 5 in Fighting
  8132 | D:9      | Reached XP level 10. HP: 19/74 MP: 10/10
  8384 | D:9      | Found a runed translucent gate.
  8560 | D:9      | Found an iron altar of Okawaru.
  8667 | D:9      | Found a runed translucent gate.
  8667 | D:9      | Found a runed translucent gate.
  9151 | D:9      | Noticed Yendr0's ghost (novice DDFi)
  9153 | D:9      | Noticed a spectral centaur warrior
  9165 | D:10     | Entered Level 10 of the Dungeon
  9750 | D:10     | Found a staircase to the Lair.
  9985 | D:10     | Identified the +3 short sword of Qewkua Gioll {freeze, rC+
                  | rN+ Str+2 Int+4}
 10007 | D:10     | Found a white marble altar of Elyvilon.
 10116 | D:10     | Reached skill level 10 in Dodging
 10116 | D:10     | Reached XP level 11. HP: 86/86 MP: 11/11
 10693 | D:11     | Reached skill level 10 in Fighting
 10709 | D:11     | Reached *** piety under Ashenzari
 10746 | D:11     | Reached skill level 1 in Evocations
 10767 | D:11     | Noticed a two-headed ogre
 10782 | D:11     | Killed a two-headed ogre
 10936 | D:11     | Noticed a brown ugly thing
 11308 | D:11     | Found a large runed translucent door.
 11311 | D:11     | Found a large runed translucent door.
 11314 | D:11     | Noticed a deep elf mage
 11341 | D:11     | Found a large runed translucent door.
 11341 | D:11     | Found a large runed translucent door.
 11375 | D:11     | Found a staircase to the Orcish Mines.
 11619 | D:11     | Reached skill level 5 in Evocations
 11842 | D:11     | Killed a brown ugly thing
 11934 | D:11     | Reached skill level 1 in Armour
 12155 | D:11     | Found a runed translucent door.
 12158 | D:11     | Noticed emiel's ghost (novice HOFi)
 12159 | D:11     | Identified the +7 trident of Misery {vorpal, +Rage +Inv rF-
                  | rN++}
 12159 | D:11     | Noticed a spriggan rider
 12453 | D:11     | Noticed a two-headed ogre
 12454 | D:11     | Noticed a two-headed ogre
 12462 | D:11     | Killed a two-headed ogre
 12468 | D:11     | Killed a two-headed ogre
 12468 | D:11     | Reached XP level 12. HP: 35/97 MP: 12/12
 12714 | D:11     | Identified the ring of the Wizarding Seeker {rPois MP+9
                  | Str+10 Int-5 SInv}
 13005 | D:12     | Reached skill level 5 in Armour
 13082 | D:12     | Reached skill level 1 in Spellcasting
 13359 | D:12     | Noticed a centaur warrior
 13359 | D:12     | Noticed a centaur warrior
 13363 | D:12     | Noticed a two-headed ogre
 13372 | D:12     | Killed a centaur warrior
 13395 | D:12     | Killed a two-headed ogre
 13404 | D:12     | Killed a centaur warrior
 14123 | D:12     | Found Qeqyimn's Antique Armour Boutique.
 14281 | D:12     | Noticed a two-headed ogre
 14296 | D:12     | Killed a two-headed ogre
 14693 | D:12     | Reached XP level 13. HP: 107/107 MP: 19/19
 15133 | D:13     | Found a gate leading to a gauntlet.
 15151 | Gauntlet | Entered a Gauntlet
 15151 | Gauntlet | Found a transporter.
 15247 | Gauntlet | Found a transporter.
 15267 | Gauntlet | Found a transporter.
 15267 | Gauntlet | Found a transporter.
 15269 | Gauntlet | Found a large runed translucent door.
 15270 | Gauntlet | Found a large runed translucent door.
 15271 | Gauntlet | Found a large runed translucent door.
 15271 | Gauntlet | Found a large runed translucent door.
 15271 | Gauntlet | Found a runed translucent door.
 15272 | Gauntlet | Found a large runed translucent door.
 15273 | Gauntlet | Found a large runed translucent door.
 15274 | Gauntlet | Found a large runed translucent door.
 15274 | Gauntlet | Found a large runed translucent door.
 15275 | Gauntlet | Found a runed translucent gate.
 15287 | Gauntlet | Found a transporter.
 15287 | Gauntlet | Found a runed translucent gate.
 15288 | Gauntlet | Found a runed translucent gate.
 15288 | Gauntlet | Noticed a dire elephant
 15289 | Gauntlet | Found a large runed translucent door.
 15289 | Gauntlet | Found a large runed translucent door.
 15290 | Gauntlet | Found a large runed translucent door.
 15291 | Gauntlet | Found a large runed translucent door.
 15300 | Gauntlet | Found a transporter.
 15303 | Gauntlet | Identified the ring of Xom's Passing Interest {rPois rF++
                  | rC+ Str-2 Int+6}
 15313 | Gauntlet | Found a transporter.
 15333 | Gauntlet | Found a transporter.
 15337 | Gauntlet | Found a transporter.
 15341 | Gauntlet | Identified the amulet "Uwnija" {Reflect rPois rC+ Str-3
                  | Dex+2 SH+5}
 15341 | Gauntlet | Found a runed translucent door.
 15341 | Gauntlet | Found a runed translucent door.
 15345 | Gauntlet | Found a transporter.
 15367 | Gauntlet | Identified the amulet "Dialittu" {Reflect rF+ MR++ SH+5
                  | Stlth+}
 15368 | Gauntlet | Found a transporter.
 15370 | Gauntlet | Found a transporter.
 15393 | Gauntlet | Found a large runed translucent door.
 15394 | Gauntlet | Found a large runed translucent door.
 15396 | Gauntlet | Found a runed translucent door.
 15396 | Gauntlet | Found a large runed translucent door.
 15397 | Gauntlet | Found a large runed translucent door.
 15404 | Gauntlet | Identified the ring of the Traitor {rElec rN+ rCorr Dex+2
                  | SInv}
 15442 | Gauntlet | Engulfed by a fire crab's flame

Illustrated notes

Levels and vault maps discovered:
D:1:      dpeg_arrival_erosion, layout_basic
D:2:      layout_rooms, evilmike_ruin_ashenzari, solitary_fountain,
          mrwooster_statue_mirror, serial_park_tiny_2
D:3:      layout_rooms, serial_park_tiny_1, nemelex_spade_bored_becter
D:4:      layout_rooms, kennysheep_vampire_church, cheibrodos_sewer_entry_bend,
          st_stairs_4, lemuel_flame_loot_1, uniq_edmund, uniq_ijyb
D:5:      layout_rooms, nicolae_dithmenos_shadow_blocks, uniq_menkaure
D:6:      layout_basic, old_standard_altar
D:7:      layout_gridville, minmay_temple_entry_poolview, minivault_24,
          nrook_campfire, uniq_pikel
D:8:      layout_loops_ring, old_standard_altar,
          chequers_temple_overflow_statue_of_worship, minmay_unpleasant_kobolds
D:9:      layout_long_grid, gammafunk_ghost_necromancy, okawaru_humans
D:10:     layout_long_grid, minmay_lair_entry_grove, elyvilon_altar_4
D:11:     layout_irregular_city, orc_0_dummy, ebering_ghost_funeral_grove,
          minmay_hollow_rounded_squares
D:12:     minmay_big_diamond_grid, layout_loops_ring, kennysheep_windowed_goal
D:13:     kennysheep_big_flooded_room, layout_cave_pools,
          gauntlet_entry_generic, kennysheep_generic_room_9
Temple:   regret_index_temple_generic_petals
Gauntlet: minmay_gauntlet_mixed_oops_all_seconds
          [minmay_gauntlet_arena_77_block_sizes, gammafunk_gauntlet_arena_teeth,
          minmay_gauntlet_arena_77_shame_cube,
          minmay_gauntlet_arena_make_your_own_arena,
          minmay_gauntlet_arena_77_double_cross, gammafunk_gauntlet_arena_mazey,
          gauntlet_exit_spiral]

Skill      XL: |  1  2  3  4  5  6  7  8  9 10 11 12 13 |
---------------+----------------------------------------+-----
Polearms       | 5 6 9 11 12 15 17 | 17.6
Fighting       | 5 8 10 11 12 | 12.0
Dodging        | 6 10 12 | 12.0
Evocations     | 6 |  6.0
Armour         | 4 5 |  5.0
Spellcasting   | 4 |  4.0
Throwing       | |  2.0

Action                   |  1- 3 |  4- 6 |  7- 9 | 10-12 | 13-15 || total
-------------------------+-------+-------+-------+-------+-------++-------
Melee: Trident           |   120 |   137 |   555 |    57 |       ||   869
       Halberd           |       |       |       |   532 |    37 ||   569
Throw: Throwing net      |       |       |     1 |       |       ||     1
Invok: Curse Item        |       |     1 |       |     3 |       ||     4
       Scrying           |       |       |       |     1 |       ||     1
Evoke: Wand              |       |       |     1 |     2 |       ||     3
  Use: Scroll            |     3 |     9 |     7 |    17 |     1 ||    37
       Potion            |       |     2 |     5 |     2 |       ||     9
 Stab: Sleeping          |     2 |       |     5 |     1 |       ||     8
       Distracted        |       |       |     1 |     1 |       ||     2
Armor: Leather armour    |     7 |    15 |    52 |    49 |     7 ||   130
       Skin              |       |    15 |       |       |       ||    15
Dodge: Dodged            |    48 |    65 |   230 |   312 |    54 ||   709

Table legend: (Time is in decaauts)
 A = Elapsed time spent in this place.
 B = Non-inter-level travel time spent in this place.
 C = Inter-level travel time spent in this place.
 D = Time resting spent in this place.
 E = Time spent auto-exploring this place.
 F = Levels seen in this place.
 G = Mean time per level.
                   A        B        C        D        E       F      G
               +--------+--------+--------+--------+--------+-----+--------+
         Total |  15008 |  14554 |    454 |   3916 |   8380 |  16 |  938.0 |
       Dungeon |  14158 |  13729 |    429 |   3643 |   7913 |  13 | 1089.1 |
        Temple |    206 |    181 |     25 |      0 |    180 |   1 |  206.0 |
         Sewer |    356 |    356 |      0 |    193 |     96 |   1 |  356.0 |
      Gauntlet |    286 |    286 |      0 |     80 |    191 |   1 |  286.0 |
               +--------+--------+--------+--------+--------+-----+--------+

Top non-repeatable levels by time:
    D:11: 2251 daAuts
    D:12: 2070 daAuts
     D:9: 1892 daAuts
     D:4: 1398 daAuts
    D:10: 1177 daAuts
     D:6: 1060 daAuts
     D:2: 849 daAuts
     D:7: 842 daAuts
     D:8: 831 daAuts
     D:3: 734 daAuts
     D:1: 602 daAuts
     D:5: 416 daAuts
   Sewer: 356 daAuts
Gauntlet: 286 daAuts
  Temple: 206 daAuts
